 Dungeon Crawl Stone Soup version 0.21.0 (webtiles) character file.

10285 Timinator the Martial Artist (level 11, -2/86 HPs)
             Began as a Vampire Transmuter on Jan 13, 2018.
             Was a Priest of Kikubaaqudgha.
             Slain by a salamander
             ... wielding a +2 demon trident of flaming
              (14 damage)
             ... in a volcano.
             The game lasted 01:49:16 (10921 turns).

Timinator the Martial Artist (Vampire Transmuter)  Turns: 10921, Time: 01:49:16

Health: -2/86      AC:  8    Str: 11    XL:     11   Next: 34%
Magic:  12/19      EV: 22    Int: 16    God:    Kikubaaqudgha [***...]
Gold:   850        SH:  0    Dex: 18    Spells: 1/21 levels left

rFire    . . .     SeeInvis +     - Unarmed
rCold    . . .     Gourm    .   (shield currently unavailable)
rNeg     . . .     Faith    +   D - +0 robe
rPois    .         Spirit   .   g - +1 helmet
rElec    .         Reflect  .   (no cloak)
rCorr    .         Harm     .   (gloves currently unavailable)
MR       +....                  n - +1 pair of boots
Stlth    ++........             l - amulet of faith
HPRegen  0.44/turn              f - +3 ring of evasion
MPRegen  0.16/turn              i - ring of wizardry

@: about to teleport, blade hands, regenerating quickly
A: fangs 3, slimy green scales 1, see invisible, strong 1, unbreathing
a: End Transformation, Receive Corpses, Renounce Religion


You were in a volcano.
You worshipped Kikubaaqudgha.
Kikubaaqudgha was most pleased with you.
You were almost alive.
You had blades for hands.
You visited 3 branches of the dungeon, and saw 11 of its levels.
You also visited: Sewer and Volcano.

You collected 850 gold pieces.

Inventory:

Missiles
 a - 117 arrows
Armour
 g - a +1 helmet (worn)
 n - a +1 pair of boots (worn)
 y - a +0 pair of gloves (melded)
 D - a +0 robe (worn)
Jewellery
 f - a +3 ring of evasion (left scythe-like blade)
 i - a ring of wizardry (right scythe-like blade)
 l - an amulet of faith (around neck)
 s - an uncursed amulet of guardian spirit {unknown}
 F - an uncursed ring of fire {unknown}
Wands
 e - a wand of enslavement (34)
 h - a wand of random effects (3)
 p - a wand of polymorph (23)
 u - a wand of acid (9)
 x - a wand of flame (31)
Scrolls
 m - 6 scrolls of remove curse
 q - 3 scrolls of teleportation
 r - a scroll of amnesia
 B - 2 scrolls of enchant armour
 C - a scroll of fog {unknown}
 E - a scroll of blinking {unknown}
Potions
 d - 17 potions of blood
 j - a potion of mutation
 o - 7 potions of flight
 t - a potion of lignification
 v - 2 potions of agility
 w - 2 potions of ambrosia
 z - 3 potions of curing
Books
 b - Kikubaaqudgha's Guide on Evil
   (Kikubaaqudgha gifted it to you on level 7 of the Dungeon)

   Spells                             Type                      Level
   a - Pain                           Necromancy                   1
   b - Corpse Rot                     Necromancy                   2
   c - Sublimation of Blood           Necromancy                   2
   d - Regeneration                   Charms/Necromancy            3
 c - a book of Changes

   Spells                             Type                      Level
   a - Beastly Appendage              Transmutation                1
   b - Sticks to Snakes               Transmutation                2
   c - Spider Form                    Transmutation/Poison         3
   d - Ice Form                       Ice/Transmutation            4
   e - Blade Hands                    Transmutation                5
 A - a book of Battle

   Spells                             Type                      Level
   a - Infusion                       Charms                       1
   b - Shroud of Golubria             Charms/Translocation         2
   c - Song of Slaying                Charms                       2
   d - Spectral Weapon                Hexes/Charms                 3
   e - Regeneration                   Charms/Necromancy            3
 G - Kikubaaqudgha's Catalogue of Dark Arts
   (Kikubaaqudgha gifted it to you in a volcano)

   Spells                             Type                      Level
   a - Animate Dead                   Necromancy                   4
   b - Excruciating Wounds            Charms/Necromancy            5
   c - Bolt of Draining               Conjuration/Necromancy       5
   d - Agony                          Necromancy                   5
   e - Dispel Undead                  Necromancy                   5


   Skills:
 * Level 8.1 Fighting
 * Level 9.4 Dodging
 * Level 9.8 Unarmed Combat
 + Level 5.9 Spellcasting
 * Level 9.3 Transmutations


You had one spell level left.
You knew the following spells:

 Your Spells              Type           Power        Failure   Level  Hunger
a - Infusion              Chrm           #...         26%         1    None
b - Blade Hands           Tmut           ####......   19%         5    ######.
c - Ice Form              Ice/Tmut       ###.....     32%         4    ####...
d - Regeneration          Chrm/Necr      #.........   45%         3    ##.....
e - Shroud of Golubria    Chrm/Tloc      #.........   32%         2    #......
f - Agony                 Necr           #.......     96%         5    ######.


Dungeon Overview and Level Annotations

Branches:
Dungeon (9/15)             Temple (1/1) D:5             Orc (1/2) D:9
   Lair: D:8-11

Altars:
Ashenzari
Cheibriados
Dithmenos
Elyvilon
Fedhas
Gozag
Hepliaklqana
Kikubaaqudgha
Makhleb
Nemelex Xobeh
Okawaru
Qazlal
Ru
Sif Muna
Trog
Uskayaw
Vehumet
Wu Jian
Xom
Yredelemnul
Zin
The Shining One

Shops:
D:5 (


Innate Abilities, Weirdness & Mutations

Your natural rate of healing is unusually fast.
You have razor-sharp teeth.
You have supernaturally acute eyesight. (SInv)
You can survive without breathing.
You are partially covered in slimy green scales. (AC +2)
Your muscles are strong. (Str +2)


Message History

You closely miss the salamander.
The salamander is lightly wounded.
The salamander completely misses you.
You hit the salamander. Your bite misses the salamander.
The salamander is lightly wounded.
The salamander hits you but does no damage.
You barely miss the salamander. Your bite misses the salamander.
The salamander is lightly wounded.
The salamander hits you with a demon trident of flaming!
You are engulfed in flames!
The salamander burns you.
* * * LOW HITPOINT WARNING * * *
Okay, then.
Okay, then.
As you read the scroll of teleportation, it crumbles to dust.
You feel strangely unstable. The salamander completely misses you.
The salamander hits you from afar with a demon trident of flaming!
* * * LOW HITPOINT WARNING * * *
You are engulfed in flames!
You die...
Kikubaaqudgha rasps: "You have failed me!
Welcome... oblivion!"

♣≈≈≈≈≈≈.♣♣.P§≈≈♣♣P ≈P..
♣♣≈§§§≈§♣....§≈§§♣♣
≈...♣♣§≈≈≈≈≈≈♣..P.§≈§≈≈♣
≈.P..≈≈≈≈§§§§♣♣P...♣≈§§≈≈
♣...§≈≈≈§P♣♣♣♣......≈§§§≈
...♣P§≈♣P...P♣P.♣P..P§≈≈≈
....≈.....♣.♣♣..P..♣≈≈§≈
.....P..÷)..♣♣♣P....≈§≈§ §
.♣.♣..@♣♣..P♣♣..♣.P§≈≈≈
§P.P♣♣♣N..♣♣♣..♣♣♣P...§≈≈≈
§§§.....♣.!♣♣...♣♣...♣§≈§§
§§§P..P..P.♣♣.......♣♣≈§§§
§§≈≈♣....!P♣♣.♣P..♣♣♣§§≈§§
≈§§§≈≈.P.P♣♣P...P♣♣≈§§≈≈≈≈
§§≈≈≈≈≈§P♣♣♣♣P.P.≈≈≈§§§≈##
§§≈≈§§§≈≈≈≈§≈§≈§≈§≈≈≈§≈#
##≈≈≈≈≈≈≈≈≈≈§≈≈≈≈≈≈≈≈≈##


You could see a salamander.

Vanquished Creatures
  2 two-headed ogres (Volcano)
  Pikel (D:8)
  An orc sorcerer (Orc:1)
  2 salamanders (Volcano)
  A troll (D:9)
  2 hippogriffs
  6 fire bats (Volcano)
  A human (D:7)
  4 hogs (D:7)
  4 wyverns
  2 steam dragons (Volcano)
  A hungry ghost (D:7)
  Menkaure (D:4)
  5 orc warriors
  2 ice beasts
  A phantom (D:5)
  7 ogres
  2 centaurs
  5 crocodiles (Volcano)
  6 big kobolds (D:9)
  4 bullfrogs
  A gnoll sergeant (D:9)
  A scorpion (D:8)
  A wyvern skeleton (D:7)
  5 wights (D:7)
  2 howler monkeys (D:8)
  6 crimson imps
  A centaur zombie (D:7)
  A bullfrog zombie (D:8)
  6 hounds
  5 orc priests
  2 jellies
  5 orc wizards
  3 bullfrog skeletons
  A centaur skeleton (D:5)
  4 iguanas
  Ijyb (D:3)
  6 worker ants
  A merfolk siren (Sewer)
  A merfolk avatar (Sewer)
  2 killer bee zombies
  A hound skeleton (D:3)
  16 adders
  3 gnolls (D:8)
  2 river rats (Sewer)
  An adder zombie (D:5)
  An adder skeleton (D:7)
  5 worms
  8 leopard geckos
  27 orcs
  6 ball pythons
  5 bats
  9 giant cockroaches
  5 hobgoblins
  8 jackals
  4 quokkas
  8 frilled lizards
  7 goblins
  A jackal skeleton (D:5)
  12 kobolds
  32 rats
276 creatures vanquished.

Vanquished Creatures (others)
  A wyvern (Volcano)
  A hound (D:5)
  11 plants (Volcano)
13 creatures vanquished.

Grand Total: 289 creatures vanquished

Notes
Turn   | Place    | Note
-------+----------+-------------------------------------------
     0 | D:1      | Timinator the Vampire Transmuter began the quest for the Orb.
     0 | D:1      | Reached XP level 1. HP: 14/14 MP: 3/3
     4 | D:1      | Reached skill level 1 in Fighting
   379 | D:1      | Reached XP level 2. HP: 22/22 MP: 5/5
   760 | D:2      | Reached XP level 3. HP: 23/28 MP: 6/6
  1459 | D:3      | Reached XP level 4. HP: 20/35 MP: 7/7
  1711 | D:3      | Noticed Ijyb
  1786 | D:3      | Killed Ijyb
  1811 | D:3      | Reached XP level 5. HP: 37/41 MP: 8/8
  2289 | D:4      | Noticed Menkaure
  2308 | D:3      | Learned a level 5 spell: Blade Hands
  2380 | D:5      | Entered Level 5 of the Dungeon
  2935 | D:5      | Reached XP level 6. HP: 32/47 MP: 10/10
  3049 | D:5      | Found Jeschax's Weapon Shop.
  3364 | D:5      | Found a staircase to the Ecumenical Temple.
  3373 | Temple   | Entered the Ecumenical Temple
  3973 | D:5      | Reached XP level 7. HP: 21/53 MP: 11/11
  4064 | D:5      | Found an ornate altar of the Wu Jian Council.
  4179 | D:4      | Found a bloodstained altar of Trog.
  4294 | D:4      | Killed Menkaure
  4294 | D:4      | Reached skill level 5 in Unarmed Combat
  5448 | D:6      | Reached XP level 8. HP: 29/61 MP: 13/13
  5496 | D:6      | Reached skill level 5 in Dodging
  5620 | D:6      | Reached skill level 5 in Transmutations
  5632 | D:6      | Found a shadowy altar of Dithmenos.
  5683 | D:6      | Reached skill level 5 in Fighting
  5718 | D:6      | Found a glowing drain.
  5731 | Sewer    | Entered a sewer
  5792 | Sewer    | Learned a level 4 spell: Ice Form
  6571 | D:6      | Found a hazy altar of Hepliaklqana.
  6604 | D:6      | Found an ancient bone altar of Kikubaaqudgha.
  6612 | D:6      | Became a worshipper of Kikubaaqudgha
  7006 | D:7      | Found a sacrificial altar of Ru.
  7149 | D:7      | Reached XP level 9. HP: 58/68 MP: 9/15
  8139 | D:7      | Reached * piety under Kikubaaqudgha
  8139 | D:7      | Identified Kikubaaqudgha's Guide on Evil (Kikubaaqudgha gifted it to you on level 7 of the Dungeon)
  8139 | D:7      | Received a gift from Kikubaaqudgha
  8160 | D:7      | Learned a level 3 spell: Regeneration
  8819 | D:8      | Found a sparkling altar of Nemelex Xobeh.
  8940 | D:8      | Gained mutation: Your muscles are strong. (Str +2) [potion of mutation]
  8940 | D:8      | Gained mutation: You are partially covered in slimy green scales. (AC +2) [potion of mutation]
  8942 | D:8      | Noticed Pikel
  8948 | D:8      | Killed Pikel
  8948 | D:8      | Reached skill level 5 in Spellcasting
  8948 | D:8      | Reached XP level 10. HP: 68/77 MP: 12/17
  9524 | D:9      | Reached ** piety under Kikubaaqudgha
  9667 | D:9      | Found a basalt altar of Yredelemnul.
  9667 | D:9      | Found a burning altar of Makhleb.
  9667 | D:9      | Found a glowing silver altar of Zin.
  9667 | D:9      | Found a shimmering altar of Xom.
  9739 | D:9      | Learned a level 2 spell: Shroud of Golubria
  9744 | D:9      | Learned a level 1 spell: Infusion
 10176 | D:9      | Found a staircase to the Orcish Mines.
 10193 | Orc:1    | Entered Level 1 of the Orcish Mines
 10193 | Orc:1    | Noticed an orc sorcerer
 10204 | Orc:1    | Killed an orc sorcerer
 10323 | Orc:1    | Found a dark tunnel.
 10331 | Volcano  | Entered a volcano
 10460 | Volcano  | Noticed a salamander
 10472 | Volcano  | Reached *** piety under Kikubaaqudgha
 10472 | Volcano  | Identified Kikubaaqudgha's Catalogue of Dark Arts (Kikubaaqudgha gifted it to you in a volcano)
 10472 | Volcano  | Received a gift from Kikubaaqudgha
 10478 | Volcano  | Killed a salamander
 10478 | Volcano  | Reached XP level 11. HP: 28/85 MP: 8/19
 10622 | Volcano  | Learned a level 5 spell: Agony
 10647 | Volcano  | Noticed a two-headed ogre
 10666 | Volcano  | Killed a two-headed ogre
 10867 | Volcano  | Noticed a two-headed ogre
 10876 | Volcano  | Killed a two-headed ogre
 10921 | Volcano  | Slain by a salamander

Skill      XL: |  1  2  3  4  5  6  7  8  9 10 11 |
---------------+----------------------------------+-----
Fighting       | 1 2 3 4 5 6 7 8 |  8.1
Unarmed Combat | 4 5 6 8 9 |  9.8
Dodging        | 3 4 6 7 9 |  9.4
Transmutations | 3 4 6 7 8 9 |  9.3
Spellcasting   | 3 4 5 |  5.9

Action                   |  1- 3 |  4- 6 |  7- 9 | 10-12 || total
-------------------------+-------+-------+-------+-------++-------
Melee: Unarmed           |   141 |   447 |   622 |   232 ||  1442
       Bite              |    10 |    39 |    40 |    27 ||   116
       Kick              |     1 |       |       |       ||     1
       Punch             |     2 |     5 |    22 |     9 ||    38
 Cast: Beastly Appendage |     1 |       |       |       ||     1
       Blade Hands       |       |     1 |    10 |    18 ||    29
       Ice Form          |       |       |     3 |       ||     3
       Infusion          |       |       |       |     8 ||     8
       Shroud of Golubri |       |       |       |     4 ||     4
       Regeneration      |       |       |       |     1 ||     1
 Abil: End Transformatio |       |     1 |     1 |       ||     2
       Bat Form          |       |     1 |       |       ||     1
  Use: Potion            |     2 |    16 |    20 |     7 ||    45
       Scroll            |       |     8 |    11 |     4 ||    23
 Stab: Sleeping          |     3 |     1 |     6 |       ||    10
  Eat: Corpse            |     6 |     4 |    20 |    10 ||    40
Armor: Robe              |    23 |    65 |    66 |    33 ||   187
       Skin              |       |       |    63 |       ||    63
Dodge: Dodged            |    96 |   306 |   405 |   195 ||  1002
